[ AOE2 MATCH · #456974068 ]
Team RMBritons vs Mapuche
[ REPLAY ANALYSIS · EXTRACTED FROM THE RECORDED GAME ]
Feudal
14:14
Castle
21:21
Imperial
33:32
| APM avg | 19.1 |
| APM peak | 52 |
| eAPM avg | 11.8 |
| Villagers / military | 116 / 190 |
Focus
⚔️ 47.2% · 🌾 52.8%
Skirmisher ×100 · Longbowman ×83 · Trebuchet (Packed) ×7
Feudal
10:43
Castle
19:50
Imperial
35:44
| APM avg | 15.7 |
| APM peak | 36 |
| eAPM avg | 11.1 |
| Villagers / military | 124 / 285 |
Focus
⚔️ 27.1% · 🌾 72.9%
Kona ×149 · Petard ×88 · Skirmisher ×20 · Bolas Rider ×15 · Spearman ×6 · Trebuchet (Packed) ×5
Feudal
11:23
Castle
14:54
Imperial
34:04
| APM avg | 31.9 |
| APM peak | 80 |
| eAPM avg | 22.2 |
| Villagers / military | 153 / 384 |
Focus
⚔️ 47.6% · 🌾 52.4%
Scout Cavalry ×146 · Knight ×99 · Archer ×87 · Spearman ×21 · Skirmisher ×14 · Battering Ram ×9
Feudal
14:21
Castle
18:41
Imperial
45:20
| APM avg | 18.3 |
| APM peak | 49 |
| eAPM avg | 14.2 |
| Villagers / military | 126 / 8 |
Focus
⚔️ 36.3% · 🌾 63.7%
Unknown (2579) ×152 · Unknown (2550) ×17 · Archer ×6 · Unknown (2582) ×3 · Trebuchet (Packed) ×2
Feudal
10:27
Castle
15:30
Imperial
34:11
| APM avg | 22.2 |
| APM peak | 45 |
| eAPM avg | 11.9 |
| Villagers / military | 93 / 107 |
Focus
⚔️ 29.0% · 🌾 71.0%
Conquistador ×77 · Battering Ram ×17 · Mangonel ×10 · Trebuchet (Packed) ×3
Feudal
11:48
Castle
16:20
Imperial
—
| APM avg | 15.3 |
| APM peak | 46 |
| eAPM avg | 11.9 |
| Villagers / military | 99 / 96 |
Focus
⚔️ 32.3% · 🌾 67.7%
Spearman ×72 · Skirmisher ×18 · Trade Cart ×6 · Coustillier ×5 · Archer ×1
Feudal
12:29
Castle
16:51
Imperial
29:48
| APM avg | 21.6 |
| APM peak | 65 |
| eAPM avg | 14.5 |
| Villagers / military | 132 / 608 |
Focus
⚔️ 30.1% · 🌾 69.9%
Huskarl ×421 · Spearman ×185 · Trade Cart ×21 · Monk ×2
Feudal
11:05
Castle
19:56
Imperial
39:09
| APM avg | 22.9 |
| APM peak | 54 |
| eAPM avg | 19.3 |
| Villagers / military | 103 / 453 |
Focus
⚔️ 56.2% · 🌾 43.8%
Longbowman ×161 · Spearman ×153 · Skirmisher ×119 · Trade Cart ×22 · Trebuchet (Packed) ×15 · Monk ×5
Match map
Initial resources + every placement click. Lines = walls · curves = elevation contours. ◆ gold · ⬟ stone · ● berries · ✦ relic · ◌ wall gap
Inputs per minute
— Doctor - - vilcoben
Build order — Doctor
First 150 of 394 actions detected
| 0:16 | Create | Villager (Male) |
| 0:16 | Create | Villager (Male) |
| 0:16 | Create | Villager (Male) |
| 0:16 | Create | Villager (Male) |
| 0:16 | Create | Villager (Male) |
| 0:17 | Create | Villager (Male) |
| 0:17 | Create | Villager (Male) |
| 0:20 | Research | Loom |
| 0:21 | Create | Villager (Male) |
| 0:21 | Create | Villager (Male) |
| 0:21 | Create | Villager (Male) |
| 0:22 | Create | Villager (Male) |
| 0:22 | Create | Villager (Male) |
| 0:22 | Create | Villager (Male) |
| 0:52 | Build | House |
| 0:54 | Build | House |
| 1:48 | Create | Villager (Male) |
| 1:48 | Create | Villager (Male) |
| 1:48 | Create | Villager (Male) |
| 1:48 | Create | Villager (Male) |
| 1:52 | Build | House |
| 1:55 | Build | House |
| 2:04 | Create | Villager (Male) |
| 2:04 | Create | Villager (Male) |
| 2:04 | Create | Villager (Male) |
| 2:04 | Create | Villager (Male) |
| 2:44 | Create | Villager (Male) |
| 2:44 | Create | Villager (Male) |
| 2:44 | Create | Villager (Male) |
| 2:44 | Create | Villager (Male) |
| 3:19 | Create | Villager (Male) |
| 3:20 | Create | Villager (Male) |
| 3:20 | Create | Villager (Male) |
| 3:20 | Create | Villager (Male) |
| 3:20 | Create | Villager (Male) |
| 4:00 | Create | Villager (Male) |
| 4:00 | Create | Villager (Male) |
| 4:01 | Create | Villager (Male) |
| 4:09 | Create | Villager (Male) |
| 4:09 | Create | Villager (Male) |
| 4:10 | Create | Villager (Male) |
| 4:41 | Create | Villager (Male) |
| 4:42 | Create | Villager (Male) |
| 4:42 | Create | Villager (Male) |
| 4:42 | Create | Villager (Male) |
| 4:42 | Create | Villager (Male) |
| 5:03 | Build | Lumber Camp |
| 5:09 | Create | Villager (Male) |
| 5:09 | Create | Villager (Male) |
| 5:10 | Create | Villager (Male) |
| 5:10 | Create | Villager (Male) |
| 5:34 | Create | Villager (Male) |
| 5:34 | Create | Villager (Male) |
| 5:34 | Create | Villager (Male) |
| 5:35 | Create | Villager (Male) |
| 5:50 | Create | Villager (Male) |
| 5:50 | Create | Villager (Male) |
| 5:50 | Create | Villager (Male) |
| 7:18 | Build | Mill |
| 7:42 | Create | Villager (Male) |
| 7:42 | Create | Villager (Male) |
| 7:42 | Create | Villager (Male) |
| 7:42 | Create | Villager (Male) |
| 7:43 | Create | Villager (Male) |
| 7:43 | Create | Villager (Male) |
| 7:43 | Create | Villager (Male) |
| 8:03 | Build | Mining Camp |
| 8:12 | Create | Villager (Male) |
| 8:13 | Create | Villager (Male) |
| 8:13 | Create | Villager (Male) |
| 8:13 | Create | Villager (Male) |
| 8:13 | Create | Villager (Male) |
| 8:46 | Create | Villager (Male) |
| 8:46 | Create | Villager (Male) |
| 8:47 | Create | Villager (Male) |
| 9:12 | Build | House |
| 10:41 | Build | Mining Camp |
| 10:57 | Create | Villager (Male) |
| 11:26 | Create | Villager (Male) |
| 11:28 | Create | Villager (Male) |
| 11:49 | Build | House |
| 12:04 | Research | Feudal Age |
| 13:40 | Create | Villager (Male) |
| 14:14 | Age | Feudal Age |
| 14:34 | Build | Market |
| 14:43 | Build | Blacksmith |
| 14:49 | Create | Villager (Male) |
| 15:03 | Research | Horse Collar |
| 15:19 | Create | Villager (Male) |
| 15:34 | Create | Villager (Male) |
| 15:38 | Build | Farm |
| 15:39 | Build | Farm |
| 15:39 | Build | Farm |
| 15:40 | Build | Farm |
| 15:40 | Build | Farm |
| 15:41 | Build | Farm |
| 15:42 | Build | Farm |
| 15:44 | Build | Farm |
| 15:56 | Build | House |
| 15:58 | Build | House |
| 16:00 | Build | House |
| 16:12 | Build | Farm |
| 16:13 | Build | Farm |
| 16:13 | Build | Farm |
| 16:14 | Build | Farm |
| 16:15 | Build | Farm |
| 16:15 | Build | Farm |
| 16:16 | Build | Farm |
| 16:19 | Create | Villager (Male) |
| 17:13 | Create | Villager (Male) |
| 17:31 | Create | Villager (Male) |
| 18:08 | Create | Villager (Male) |
| 18:41 | Research | Castle Age |
| 18:56 | Research | Double-Bit Axe |
| 19:01 | Research | Gold Mining |
| 19:20 | Research | Stone Mining |
| 19:26 | Research | Stone Mining |
| 20:27 | Build | House |
| 20:35 | Build | Barracks |
| 20:41 | Create | Villager (Male) |
| 20:54 | Build | Barracks |
| 21:21 | Age | Castle Age |
| 21:40 | Build | Castle |
| 21:48 | Build | Archery Range |
| 21:53 | Create | Villager (Male) |
| 21:53 | Create | Villager (Male) |
| 22:02 | Research | Heavy Plow |
| 22:04 | Research | Bow Saw |
| 22:28 | Create | Longbowman |
| 22:29 | Create | Longbowman |
| 22:29 | Create | Longbowman |
| 22:29 | Create | Longbowman |
| 22:29 | Create | Longbowman |
| 22:46 | Research | Fletching |
| 22:46 | Research | Padded Archer Armor |
| 23:00 | Create | Longbowman |
| 23:12 | Build | University |
| 23:21 | Build | Town Center |
| 23:27 | Create | Longbowman |
| 23:28 | Create | Longbowman |
| 23:36 | Create | Villager (Male) |
| 23:37 | Create | Villager (Male) |
| 23:48 | Create | Longbowman |
| 23:57 | Research | Bodkin Arrow |
| 23:59 | Research | Leather Archer Armor |
| 24:07 | Create | Villager (Male) |
| 24:07 | Create | Villager (Male) |
| 24:13 | Create | Longbowman |
| 24:13 | Create | Longbowman |
| 25:21 | Research | Ballistics |
Build order — vilcoben
First 150 of 304 actions detected
| 0:10 | Build | House |
| 0:11 | Build | House |
| 0:27 | Create | Villager (Male) |
| 0:29 | Create | Villager (Male) ×3 |
| 1:03 | Build | House |
| 1:31 | Build | Settlement |
| 2:00 | Create | Villager (Male) |
| 2:24 | Create | Villager (Male) |
| 2:56 | Create | Villager (Male) |
| 2:56 | Create | Villager (Male) |
| 3:26 | Create | Villager (Male) |
| 3:26 | Create | Villager (Male) |
| 3:41 | Create | Villager (Male) |
| 4:22 | Create | Villager (Male) |
| 4:48 | Create | Villager (Male) |
| 5:05 | Create | Villager (Male) ×2 |
| 5:18 | Create | Villager (Male) ×3 |
| 6:28 | Create | Villager (Male) |
| 6:28 | Create | Villager (Male) |
| 6:28 | Create | Villager (Male) |
| 6:42 | Build | Settlement |
| 8:28 | Research | Feudal Age |
| 8:28 | Research | Feudal Age |
| 9:01 | Build | Settlement |
| 9:34 | Create | Villager (Male) ×4 |
| 10:09 | Build | House |
| 10:11 | Build | House |
| 10:31 | Create | Villager (Male) |
| 10:43 | Age | Feudal Age |
| 11:00 | Build | Settlement |
| 11:10 | Build | Blacksmith |
| 11:15 | Build | Market |
| 11:30 | Research | Double-Bit Axe |
| 11:33 | Research | Gold Mining |
| 12:04 | Research | Wheelbarrow |
| 12:23 | Build | Barracks |
| 13:05 | Create | Villager (Male) |
| 13:06 | Create | Villager (Male) |
| 13:06 | Create | Villager (Male) |
| 13:33 | Build | Farm |
| 13:35 | Build | Farm |
| 13:36 | Build | Farm |
| 13:53 | Build | Archery Range |
| 14:01 | Research | Horse Collar |
| 14:05 | Create | Villager (Male) |
| 14:05 | Create | Villager (Male) |
| 14:15 | Build | Farm |
| 14:17 | Build | Farm |
| 14:21 | Build | Farm |
| 14:23 | Build | Farm |
| 14:30 | Create | Villager (Male) |
| 15:25 | Build | Farm |
| 15:28 | Create | Villager (Male) |
| 15:39 | Build | Farm |
| 15:40 | Build | Farm |
| 15:52 | Build | Farm |
| 15:57 | Build | Farm |
| 17:10 | Research | Castle Age |
| 17:10 | Research | Castle Age |
| 17:26 | Create | Spearman |
| 18:01 | Build | Farm |
| 18:02 | Build | Farm |
| 18:48 | Research | Stone Mining |
| 18:52 | Create | Villager (Male) ×5 |
| 19:28 | Build | Farm |
| 19:29 | Build | Farm |
| 19:31 | Build | Farm |
| 19:50 | Age | Castle Age |
| 19:54 | Build | Town Center |
| 20:02 | Build | Town Center |
| 20:16 | Research | Hand Cart |
| 20:25 | Research | Forging |
| 20:25 | Research | Scale Mail Armor |
| 21:19 | Create | Villager (Male) ×5 |
| 21:25 | Create | Villager (Male) ×5 |
| 21:37 | Create | Villager (Male) |
| 22:01 | Build | Castle |
| 22:19 | Research | Pikeman (upgrade) |
| 22:24 | Research | Fletching |
| 22:34 | Build | University |
| 22:52 | Build | Archery Range |
| 22:54 | Build | Archery Range |
| 23:02 | Build | House |
| 23:07 | Build | House |
| 23:09 | Build | House |
| 23:19 | Create | Villager (Male) |
| 23:20 | Create | Villager (Male) |
| 23:20 | Create | Villager (Male) |
| 23:24 | Create | Villager (Male) |
| 23:25 | Research | Town Watch |
| 23:29 | Create | Villager (Male) |
| 23:29 | Create | Villager (Male) |
| 23:32 | Create | Villager (Male) |
| 23:33 | Create | Villager (Male) |
| 23:57 | Research | Heavy Plow |
| 24:14 | Build | Farm |
| 24:15 | Build | Farm |
| 24:17 | Build | Farm |
| 24:17 | Build | Farm |
| 24:34 | Build | Siege Workshop |
| 24:41 | Create | Villager (Male) |
| 24:43 | Research | Loom |
| 24:46 | Create | Villager (Male) |
| 24:46 | Create | Villager (Male) |
| 24:49 | Create | Villager (Male) |
| 24:49 | Create | Villager (Male) |
| 24:56 | Create | Kona ×3 |
| 25:05 | Build | Farm |
| 25:14 | Create | Villager (Male) |
| 25:14 | Create | Villager (Male) |
| 25:19 | Create | Villager (Male) |
| 25:19 | Create | Villager (Male) |
| 25:29 | Build | Farm |
| 25:49 | Create | Kona ×3 |
| 25:56 | Research | Elite Skirmisher (upgrade) |
| 25:57 | Create | Skirmisher ×2 |
| 26:08 | Build | Farm |
| 26:12 | Create | Villager (Male) ×3 |
| 26:42 | Create | Villager (Male) |
| 26:43 | Create | Villager (Male) |
| 27:03 | Create | Villager (Male) ×5 |
| 27:12 | Research | Murder Holes |
| 27:13 | Research | Murder Holes |
| 27:14 | Research | Ballistics |
| 27:28 | Build | Farm |
| 27:29 | Build | Farm |
| 27:33 | Build | Farm |
| 27:46 | Build | Farm |
| 27:47 | Build | Farm |
| 27:49 | Build | Farm |
| 28:09 | Build | Archery Range |
| 28:15 | Build | House |
| 28:16 | Build | House |
| 28:17 | Build | House |
| 28:35 | Research | Gold Shaft Mining |
| 28:35 | Research | Stone Shaft Mining |
| 28:41 | Research | Stone Shaft Mining |
| 28:45 | Research | Bow Saw |
| 28:45 | Research | Bow Saw |
| 28:51 | Research | Arson |
| 28:55 | Create | Spearman ×5 |
| 29:04 | Create | Kona ×4 |
| 29:12 | Create | Villager (Male) ×2 |
| 29:13 | Create | Villager (Male) |
| 29:18 | Create | Villager (Male) |
| 30:07 | Build | Farm |
| 30:08 | Build | Farm |
| 30:09 | Build | Farm |
| 30:11 | Build | Farm |
| 30:17 | Create | Villager (Male) ×5 |
Build order — Maybe NexTime
First 150 of 750 actions detected
| 0:02 | Create | Villager (Male) |
| 0:02 | Create | Villager (Male) |
| 0:02 | Create | Villager (Male) |
| 0:03 | Create | Villager (Male) |
| 0:04 | Build | House |
| 0:05 | Build | House |
| 0:07 | Build | House |
| 0:07 | Create | Villager (Male) |
| 0:08 | Create | Villager (Male) |
| 1:37 | Create | Villager (Male) |
| 1:37 | Create | Villager (Male) |
| 1:53 | Create | Villager (Male) |
| 1:53 | Create | Villager (Male) |
| 2:38 | Build | House |
| 2:42 | Build | House |
| 2:44 | Create | Villager (Male) |
| 2:45 | Create | Villager (Male) |
| 3:07 | Create | Villager (Male) |
| 3:07 | Create | Villager (Male) |
| 3:07 | Create | Villager (Male) |
| 3:54 | Build | Mill |
| 3:57 | Create | Villager (Male) |
| 3:57 | Create | Villager (Male) |
| 4:04 | Create | Villager (Male) |
| 4:04 | Create | Villager (Male) |
| 5:05 | Create | Villager (Male) |
| 5:06 | Create | Villager (Male) |
| 5:37 | Build | Farm |
| 5:46 | Build | Farm |
| 6:04 | Create | Villager (Male) |
| 6:09 | Build | Farm |
| 6:39 | Create | Villager (Male) |
| 7:00 | Create | Villager (Male) |
| 7:24 | Create | Villager (Male) |
| 7:50 | Create | Villager (Male) |
| 8:13 | Create | Villager (Male) |
| 8:15 | Create | Villager (Male) |
| 8:19 | Build | Lumber Camp |
| 8:45 | Build | Mining Camp |
| 9:20 | Research | Feudal Age |
| 10:59 | Build | House |
| 11:09 | Build | House |
| 11:19 | Create | Villager (Male) |
| 11:23 | Age | Feudal Age |
| 11:26 | Build | Market |
| 11:39 | Research | Double-Bit Axe |
| 11:42 | Create | Villager (Male) |
| 11:50 | Build | Blacksmith |
| 12:29 | Research | Castle Age |
| 12:34 | Build | Barracks |
| 13:29 | Create | Spearman |
| 13:29 | Create | Spearman |
| 14:02 | Research | Scale Mail Armor |
| 14:09 | Create | Spearman |
| 14:13 | Create | Villager (Male) |
| 14:18 | Research | Horse Collar |
| 14:54 | Age | Castle Age |
| 15:06 | Research | Heavy Plow |
| 15:08 | Research | Bow Saw |
| 15:26 | Create | Villager (Male) |
| 15:49 | Create | Villager (Male) |
| 16:03 | Build | Farm |
| 16:03 | Build | Farm |
| 16:04 | Build | Farm |
| 16:04 | Build | Farm |
| 16:04 | Build | Farm |
| 16:09 | Build | Farm |
| 16:13 | Create | Villager (Male) |
| 16:38 | Build | Farm |
| 16:38 | Build | Farm |
| 16:38 | Build | Farm |
| 16:39 | Build | Farm |
| 16:52 | Create | Villager (Male) |
| 16:52 | Create | Villager (Male) |
| 17:22 | Create | Villager (Male) |
| 17:28 | Build | Town Center |
| 17:42 | Create | Villager (Male) |
| 17:47 | Build | House |
| 17:51 | Build | House |
| 18:06 | Create | Villager (Male) |
| 18:25 | Create | Villager (Male) |
| 18:35 | Build | Farm |
| 18:35 | Build | Farm |
| 18:36 | Build | Farm |
| 18:54 | Build | Siege Workshop |
| 18:57 | Create | Villager (Male) |
| 19:07 | Create | Villager (Male) |
| 19:07 | Create | Villager (Male) |
| 19:20 | Build | Farm |
| 19:20 | Build | Farm |
| 19:23 | Build | Farm |
| 19:24 | Create | Villager (Male) |
| 19:42 | Create | Villager (Male) |
| 19:42 | Create | Villager (Male) |
| 20:03 | Build | Farm |
| 20:07 | Build | Farm |
| 20:11 | Create | Villager (Male) |
| 20:12 | Create | Villager (Male) |
| 20:24 | Build | Barracks |
| 20:26 | Create | Villager (Male) |
| 20:26 | Create | Villager (Male) |
| 20:53 | Create | Battering Ram |
| 21:01 | Build | Mining Camp |
| 21:03 | Create | Villager (Male) |
| 21:03 | Create | Villager (Male) |
| 21:08 | Research | Pikeman (upgrade) |
| 21:17 | Research | Forging |
| 21:24 | Create | Battering Ram |
| 21:26 | Create | Villager (Male) |
| 21:34 | Create | Villager (Male) |
| 21:39 | Build | House |
| 21:46 | Build | House |
| 21:47 | Build | House |
| 21:48 | Build | House |
| 21:49 | Build | House |
| 21:51 | Build | House |
| 21:53 | Create | Villager (Male) |
| 21:53 | Create | Villager (Male) |
| 21:59 | Create | Spearman |
| 22:00 | Create | Spearman |
| 22:08 | Create | Villager (Male) |
| 22:18 | Create | Battering Ram |
| 22:20 | Create | Villager (Male) |
| 22:20 | Create | Villager (Male) |
| 22:29 | Build | House |
| 22:32 | Build | House |
| 22:34 | Create | Villager (Male) |
| 22:35 | Create | Villager (Male) |
| 22:42 | Create | Battering Ram |
| 22:46 | Create | Spearman |
| 22:46 | Create | Spearman |
| 22:56 | Research | Loom |
| 23:00 | Create | Villager (Male) |
| 23:00 | Create | Villager (Male) |
| 23:06 | Build | University |
| 23:16 | Create | Spearman |
| 23:17 | Create | Spearman |
| 23:21 | Research | Squires |
| 23:35 | Create | Battering Ram |
| 23:36 | Create | Villager (Male) |
| 23:36 | Create | Villager (Male) |
| 23:51 | Build | Mill |
| 23:55 | Build | Farm |
| 23:56 | Build | Farm |
| 23:59 | Create | Villager (Male) |
| 24:00 | Create | Villager (Male) |
| 24:02 | Create | Spearman |
| 24:02 | Create | Spearman |
| 24:05 | Create | Battering Ram |
| 24:09 | Create | Spearman |
Build order — tiffizzle_x
First 150 of 460 actions detected
| 0:03 | Build | House |
| 0:06 | Build | House |
| 0:07 | Create | Villager (Male) |
| 0:07 | Create | Villager (Male) |
| 0:07 | Create | Villager (Male) |
| 0:07 | Create | Villager (Male) |
| 0:08 | Create | Villager (Male) |
| 1:10 | Create | Villager (Male) |
| 1:10 | Create | Villager (Male) |
| 1:55 | Build | Settlement |
| 2:08 | Create | Villager (Male) |
| 2:08 | Create | Villager (Male) |
| 2:08 | Create | Villager (Male) |
| 2:30 | Create | Villager (Male) |
| 2:47 | Build | Outpost |
| 3:17 | Build | Outpost |
| 3:20 | Create | Villager (Male) |
| 3:20 | Create | Villager (Male) |
| 3:45 | Build | Outpost |
| 3:47 | Create | Villager (Male) |
| 3:48 | Create | Villager (Male) |
| 3:48 | Create | Villager (Male) |
| 4:16 | Build | Outpost |
| 4:20 | Create | Villager (Male) |
| 4:20 | Create | Villager (Male) |
| 4:47 | Build | Outpost |
| 4:50 | Create | Villager (Male) |
| 4:50 | Create | Villager (Male) |
| 5:15 | Create | Villager (Male) |
| 5:15 | Create | Villager (Male) |
| 5:33 | Create | Villager (Male) |
| 5:46 | Build | Settlement |
| 6:05 | Create | Villager (Male) |
| 6:24 | Create | Villager (Male) |
| 6:25 | Create | Villager (Male) |
| 6:42 | Create | Villager (Male) |
| 6:43 | Create | Villager (Male) |
| 6:43 | Create | Villager (Male) |
| 7:13 | Create | Villager (Male) |
| 7:13 | Create | Villager (Male) |
| 7:48 | Create | Villager (Male) |
| 7:49 | Create | Villager (Male) |
| 7:49 | Create | Villager (Male) |
| 7:49 | Create | Villager (Male) |
| 7:49 | Create | Villager (Male) |
| 8:17 | Create | Villager (Male) |
| 8:17 | Create | Villager (Male) |
| 8:18 | Create | Villager (Male) |
| 8:40 | Create | Villager (Male) |
| 8:40 | Create | Villager (Male) |
| 9:19 | Build | House |
| 9:20 | Build | House |
| 9:53 | Build | Settlement |
| 10:05 | Create | Villager (Male) |
| 10:05 | Create | Villager (Male) |
| 10:23 | Research | Feudal Age |
| 10:47 | Build | Settlement |
| 11:32 | Build | Barracks |
| 11:34 | Build | House |
| 11:36 | Build | House |
| 11:40 | Build | House |
| 12:17 | Research | Loom |
| 14:21 | Age | Feudal Age |
| 14:23 | Build | Market |
| 14:30 | Build | Blacksmith |
| 14:37 | Research | Wheelbarrow |
| 14:47 | Research | Double-Bit Axe |
| 15:20 | Build | Archery Range |
| 15:53 | Research | Castle Age |
| 16:14 | Research | Fletching |
| 17:25 | Research | Horse Collar |
| 17:54 | Create | Archer |
| 17:55 | Create | Archer |
| 17:57 | Create | Archer |
| 17:57 | Create | Archer |
| 18:41 | Age | Castle Age |
| 19:40 | Build | Castle |
| 19:49 | Research | Crossbowman (upgrade) |
| 20:30 | Create | Archer |
| 20:31 | Create | Archer |
| 21:05 | Create | Villager (Male) |
| 21:05 | Create | Villager (Male) |
| 21:17 | Build | Settlement |
| 21:23 | Create | Unit 2579 |
| 21:26 | Create | Unit 2579 |
| 21:26 | Create | Unit 2579 |
| 21:26 | Create | Unit 2579 |
| 21:28 | Create | Unit 2579 |
| 21:54 | Build | Town Center |
| 22:10 | Build | Farm |
| 22:11 | Build | Farm |
| 22:12 | Build | Farm |
| 22:13 | Build | Farm |
| 22:14 | Build | Farm |
| 22:15 | Build | Farm |
| 22:26 | Create | Unit 2579 |
| 22:26 | Create | Unit 2579 |
| 22:26 | Create | Unit 2579 |
| 22:26 | Create | Unit 2579 |
| 22:26 | Create | Unit 2579 |
| 23:17 | Build | Town Center |
| 23:26 | Create | Unit 2579 |
| 23:27 | Create | Unit 2579 |
| 23:49 | Create | Villager (Male) |
| 23:50 | Create | Villager (Male) |
| 23:50 | Create | Villager (Male) |
| 23:50 | Create | Villager (Male) |
| 24:29 | Research | Tech 1402 |
| 24:30 | Create | Unit 2550 |
| 24:30 | Create | Unit 2550 |
| 25:09 | Create | Unit 2550 |
| 25:35 | Create | Unit 2550 |
| 25:35 | Create | Unit 2550 |
| 26:09 | Create | Unit 2550 |
| 26:09 | Create | Unit 2550 |
| 26:19 | Create | Unit 2579 |
| 26:20 | Create | Unit 2579 |
| 26:20 | Create | Unit 2579 |
| 26:20 | Create | Unit 2579 |
| 26:20 | Create | Unit 2579 |
| 26:55 | Research | Tech 1351 |
| 26:56 | Research | Squires |
| 26:57 | Research | Arson |
| 27:15 | Build | Farm |
| 27:16 | Build | Farm |
| 27:17 | Build | Farm |
| 27:18 | Build | Farm |
| 27:22 | Build | Farm |
| 27:24 | Build | Farm |
| 27:25 | Build | Farm |
| 27:26 | Build | Farm |
| 27:34 | Create | Villager (Male) |
| 27:35 | Create | Villager (Male) |
| 28:13 | Build | Outpost |
| 28:16 | Research | Town Watch |
| 28:24 | Create | Villager (Male) |
| 28:24 | Create | Villager (Male) |
| 28:25 | Create | Villager (Male) |
| 28:38 | Build | Outpost |
| 28:47 | Research | Scale Mail Armor |
| 29:03 | Create | Unit 2550 |
| 29:03 | Create | Unit 2550 |
| 29:03 | Create | Unit 2550 |
| 29:13 | Build | Outpost |
| 29:22 | Create | Unit 2550 |
| 29:22 | Create | Unit 2550 |
| 29:22 | Create | Unit 2550 |
| 29:29 | Build | Barracks |
| 29:31 | Build | Barracks |
| 29:45 | Create | Unit 2550 |
Build order — Maru
First 150 of 307 actions detected
| 0:01 | Create | Villager (Male) |
| 0:01 | Create | Villager (Male) |
| 0:02 | Create | Villager (Male) |
| 0:02 | Create | Villager (Male) |
| 0:02 | Create | Villager (Male) |
| 0:04 | Build | House |
| 0:05 | Build | House |
| 1:25 | Create | Villager (Male) |
| 2:08 | Create | Villager (Male) |
| 2:35 | Create | Villager (Male) |
| 2:36 | Create | Villager (Male) |
| 2:57 | Create | Villager (Male) |
| 3:07 | Build | House |
| 3:08 | Build | House |
| 3:23 | Create | Villager (Male) |
| 3:23 | Create | Villager (Male) |
| 3:43 | Create | Villager (Male) |
| 4:03 | Build | Lumber Camp |
| 4:06 | Create | Villager (Male) |
| 4:30 | Create | Villager (Male) |
| 4:47 | Create | Villager (Male) |
| 5:32 | Create | Villager (Male) |
| 6:27 | Create | Villager (Male) |
| 6:27 | Create | Villager (Male) |
| 7:05 | Create | Villager (Male) |
| 7:21 | Build | Mill |
| 7:26 | Create | Villager (Male) |
| 7:58 | Build | Mill |
| 8:17 | Research | Feudal Age |
| 9:19 | Create | Villager (Male) |
| 9:19 | Create | Villager (Male) |
| 10:27 | Age | Feudal Age |
| 10:36 | Build | Market |
| 10:41 | Build | Blacksmith |
| 11:28 | Build | Mining Camp |
| 11:33 | Create | Villager (Male) |
| 11:34 | Create | Villager (Male) |
| 11:45 | Build | House |
| 11:54 | Build | House |
| 12:21 | Create | Villager (Male) |
| 12:48 | Research | Castle Age |
| 14:13 | Create | Villager (Male) |
| 14:14 | Create | Villager (Male) |
| 14:46 | Build | Mining Camp |
| 15:01 | Create | Villager (Male) |
| 15:13 | Research | Double-Bit Axe |
| 15:30 | Age | Castle Age |
| 15:57 | Build | Farm |
| 16:23 | Build | Farm |
| 16:35 | Create | Villager (Male) |
| 16:47 | Build | Farm |
| 16:52 | Create | Villager (Male) |
| 17:19 | Build | Castle |
| 17:28 | Build | House |
| 17:29 | Build | House |
| 17:32 | Build | Farm |
| 17:35 | Create | Villager (Male) |
| 17:39 | Build | Farm |
| 17:43 | Create | Villager (Male) |
| 18:07 | Build | Farm |
| 18:16 | Create | Villager (Male) |
| 18:44 | Create | Conquistador |
| 18:44 | Create | Conquistador |
| 19:07 | Build | Mining Camp |
| 19:17 | Build | Farm |
| 19:19 | Build | Farm |
| 19:23 | Create | Conquistador |
| 19:31 | Create | Villager (Male) |
| 19:32 | Create | Villager (Male) |
| 20:00 | Build | Town Center |
| 20:04 | Build | Farm |
| 20:06 | Create | Conquistador |
| 20:16 | Create | Villager (Male) |
| 20:25 | Build | Farm |
| 20:34 | Create | Conquistador |
| 20:52 | Build | Farm |
| 21:42 | Build | Siege Workshop |
| 21:47 | Create | Villager (Male) |
| 21:47 | Create | Villager (Male) |
| 21:48 | Create | Villager (Male) |
| 21:53 | Create | Villager (Male) |
| 21:54 | Create | Villager (Male) |
| 22:12 | Create | Conquistador |
| 22:16 | Build | Farm |
| 22:22 | Build | Farm |
| 22:28 | Create | Conquistador |
| 22:30 | Create | Battering Ram |
| 22:35 | Create | Battering Ram |
| 22:49 | Build | Farm |
| 22:52 | Create | Villager (Male) |
| 22:54 | Build | Farm |
| 22:59 | Create | Villager (Male) |
| 23:06 | Build | Farm |
| 23:10 | Create | Conquistador |
| 23:12 | Create | Battering Ram |
| 23:28 | Build | Farm |
| 23:34 | Build | Farm |
| 23:41 | Create | Villager (Male) |
| 23:44 | Create | Villager (Male) |
| 23:45 | Create | Villager (Male) |
| 24:11 | Build | Farm |
| 24:15 | Create | Villager (Male) |
| 24:16 | Create | Villager (Male) |
| 24:18 | Build | Farm |
| 24:26 | Create | Conquistador |
| 24:26 | Create | Conquistador |
| 24:26 | Create | Conquistador |
| 24:27 | Create | Conquistador |
| 24:58 | Build | Farm |
| 25:01 | Create | Villager (Male) |
| 25:02 | Create | Villager (Male) |
| 25:03 | Create | Villager (Male) |
| 25:05 | Create | Conquistador |
| 25:10 | Create | Battering Ram |
| 25:16 | Create | Villager (Male) |
| 25:17 | Create | Villager (Male) |
| 26:02 | Create | Conquistador |
| 26:02 | Create | Conquistador |
| 26:02 | Create | Conquistador |
| 26:03 | Create | Conquistador |
| 26:06 | Build | Farm |
| 26:08 | Build | Farm |
| 26:11 | Build | Farm |
| 26:12 | Build | Farm |
| 27:46 | Create | Conquistador |
| 27:46 | Create | Conquistador |
| 27:47 | Create | Conquistador |
| 27:58 | Create | Battering Ram |
| 27:58 | Create | Battering Ram |
| 27:59 | Create | Battering Ram |
| 28:04 | Create | Villager (Male) |
| 28:04 | Create | Villager (Male) |
| 28:05 | Create | Villager (Male) |
| 28:10 | Build | Farm |
| 28:15 | Create | Villager (Male) |
| 28:15 | Create | Villager (Male) |
| 28:15 | Create | Villager (Male) |
| 28:18 | Build | Farm |
| 28:23 | Create | Conquistador |
| 29:05 | Create | Villager (Male) |
| 29:08 | Research | Horse Collar |
| 29:32 | Build | House |
| 29:33 | Build | House |
| 29:34 | Build | House |
| 29:35 | Build | House |
| 29:36 | Build | House |
| 29:37 | Build | House |
| 30:04 | Create | Battering Ram |
| 30:23 | Build | Farm |
| 30:26 | Create | Villager (Male) |
Build order — Amir
First 150 of 329 actions detected
| 0:02 | Create | Villager (Male) |
| 0:02 | Research | Loom |
| 0:03 | Create | Villager (Male) |
| 0:03 | Create | Villager (Male) |
| 0:03 | Create | Villager (Male) |
| 0:04 | Create | Villager (Male) |
| 0:04 | Create | Villager (Male) |
| 0:13 | Build | House |
| 0:15 | Build | House |
| 0:19 | Build | House |
| 1:57 | Create | Villager (Male) |
| 2:25 | Create | Villager (Male) |
| 2:46 | Create | Villager (Male) |
| 3:01 | Create | Villager (Male) |
| 3:21 | Create | Villager (Male) |
| 3:53 | Create | Villager (Male) |
| 4:19 | Create | Villager (Male) |
| 4:25 | Build | Mill |
| 4:47 | Create | Villager (Male) |
| 4:51 | Create | Villager (Male) |
| 5:17 | Build | Mill |
| 5:25 | Create | Villager (Male) |
| 5:34 | Create | Villager (Male) |
| 5:34 | Create | Villager (Male) |
| 6:11 | Build | House |
| 6:48 | Create | Villager (Male) |
| 7:21 | Create | Villager (Male) |
| 7:39 | Build | Lumber Camp |
| 8:12 | Create | Villager (Male) |
| 8:14 | Create | Villager (Male) |
| 8:46 | Create | Villager (Male) |
| 9:08 | Build | Mining Camp |
| 9:38 | Research | Feudal Age |
| 11:05 | Research | Double-Bit Axe |
| 11:16 | Research | Horse Collar |
| 11:45 | Create | Villager (Male) |
| 11:48 | Age | Feudal Age |
| 11:48 | Build | House |
| 12:03 | Build | House |
| 12:26 | Create | Villager (Male) |
| 12:37 | Build | Market |
| 12:44 | Build | Blacksmith |
| 13:04 | Create | Villager (Male) |
| 13:40 | Research | Castle Age |
| 13:40 | Research | Castle Age |
| 13:49 | Research | Horse Collar |
| 14:41 | Research | Heavy Plow |
| 14:44 | Research | Bow Saw |
| 15:07 | Build | Mill |
| 15:22 | Create | Villager (Male) |
| 16:20 | Age | Castle Age |
| 16:22 | Research | Crop Rotation |
| 16:24 | Create | Villager (Male) |
| 16:59 | Create | Villager (Male) |
| 17:33 | Create | Villager (Male) |
| 17:42 | Research | Wheelbarrow |
| 19:11 | Build | Barracks |
| 19:22 | Build | Barracks |
| 19:33 | Build | Siege Workshop |
| 19:40 | Build | Mining Camp |
| 19:52 | Build | Mining Camp |
| 20:02 | Build | Building 490 |
| 20:08 | Create | Spearman |
| 20:08 | Create | Spearman |
| 20:12 | Create | Villager (Male) |
| 20:14 | Create | Villager (Male) |
| 20:31 | Build | Farm |
| 20:32 | Build | Farm |
| 20:32 | Build | Farm |
| 20:32 | Build | Farm |
| 21:26 | Build | Farm |
| 21:26 | Build | Farm |
| 21:26 | Build | Farm |
| 21:27 | Build | Farm |
| 21:27 | Build | Farm |
| 21:28 | Build | Farm |
| 21:28 | Build | Farm |
| 21:33 | Create | Spearman |
| 21:34 | Create | Spearman |
| 21:46 | Create | Villager (Male) |
| 21:49 | Create | Villager (Male) |
| 22:42 | Build | Archery Range |
| 22:48 | Build | Archery Range |
| 22:50 | Build | Archery Range |
| 22:52 | Build | Archery Range |
| 23:07 | Create | Villager (Male) |
| 23:13 | Create | Villager (Male) |
| 23:29 | Build | House |
| 23:37 | Build | House |
| 23:38 | Build | House |
| 23:45 | Create | Villager (Male) |
| 24:14 | Build | House |
| 25:05 | Build | House |
| 25:08 | Build | House |
| 25:09 | Build | House |
| 25:16 | Create | Skirmisher |
| 25:16 | Create | Skirmisher |
| 25:17 | Create | Skirmisher |
| 25:17 | Create | Skirmisher |
| 25:19 | Create | Skirmisher |
| 25:19 | Create | Skirmisher |
| 26:00 | Create | Skirmisher |
| 26:00 | Create | Skirmisher |
| 26:00 | Create | Skirmisher |
| 26:01 | Create | Skirmisher |
| 26:09 | Build | Archery Range |
| 26:11 | Build | Archery Range |
| 26:12 | Build | Archery Range |
| 28:49 | Create | Skirmisher |
| 28:49 | Create | Skirmisher |
| 28:49 | Create | Skirmisher |
| 28:49 | Create | Skirmisher |
| 29:00 | Create | Villager (Male) |
| 29:02 | Create | Villager (Male) |
| 29:44 | Build | Town Center |
| 29:47 | Create | Villager (Male) |
| 29:51 | Create | Archer |
| 30:14 | Create | Villager (Male) |
| 30:19 | Build | House |
| 30:56 | Build | Building 490 |
| 30:59 | Build | Building 490 |
| 31:23 | Build | Stone Wall |
| 31:36 | Build | Building 665 |
| 31:43 | Create | Villager (Male) |
| 31:49 | Create | Villager (Male) |
| 31:52 | Create | Villager (Male) |
| 31:52 | Create | Villager (Male) |
| 32:22 | Create | Villager (Male) |
| 32:44 | Create | Skirmisher |
| 32:45 | Create | Skirmisher |
| 32:48 | Create | Skirmisher |
| 32:48 | Create | Skirmisher |
| 33:13 | Build | Building 490 |
| 33:41 | Build | Lumber Camp |
| 33:47 | Build | Farm |
| 33:47 | Build | Farm |
| 33:48 | Build | Farm |
| 33:48 | Build | Farm |
| 33:48 | Build | Farm |
| 33:48 | Build | Farm |
| 33:49 | Build | Farm |
| 34:22 | Build | Farm |
| 34:27 | Build | Farm |
| 35:30 | Create | Villager (Male) |
| 35:37 | Create | Villager (Male) |
| 36:14 | Create | Villager (Male) |
| 36:39 | Create | Villager (Male) |
| 37:09 | Build | Mining Camp |
| 37:22 | Create | Villager (Male) |
| 37:23 | Create | Villager (Male) |
Build order — MK
First 150 of 494 actions detected
| 0:03 | Create | Villager (Male) |
| 0:04 | Create | Villager (Male) |
| 0:04 | Create | Villager (Male) |
| 0:04 | Create | Villager (Male) |
| 0:04 | Create | Villager (Male) |
| 0:11 | Build | House |
| 0:16 | Build | House |
| 1:18 | Research | Loom |
| 2:05 | Create | Villager (Male) |
| 2:05 | Create | Villager (Male) |
| 2:05 | Create | Villager (Male) |
| 2:38 | Create | Villager (Male) |
| 2:38 | Create | Villager (Male) |
| 2:51 | Build | Lumber Camp |
| 3:19 | Create | Villager (Male) |
| 3:19 | Create | Villager (Male) |
| 3:19 | Create | Villager (Male) |
| 3:20 | Create | Villager (Male) |
| 3:56 | Build | House |
| 4:20 | Create | Villager (Male) |
| 4:21 | Create | Villager (Male) |
| 4:21 | Create | Villager (Male) |
| 4:21 | Create | Villager (Male) |
| 4:21 | Create | Villager (Male) |
| 4:33 | Build | House |
| 4:48 | Build | House |
| 5:12 | Create | Villager (Male) |
| 5:12 | Create | Villager (Male) |
| 5:52 | Build | Mill |
| 5:59 | Create | Villager (Male) |
| 5:59 | Create | Villager (Male) |
| 6:15 | Build | Mill |
| 6:21 | Create | Villager (Male) |
| 6:21 | Create | Villager (Male) |
| 6:59 | Create | Villager (Male) |
| 7:22 | Create | Villager (Male) |
| 7:45 | Create | Villager (Male) |
| 8:27 | Create | Villager (Male) |
| 9:16 | Create | Villager (Male) |
| 9:30 | Create | Villager (Male) |
| 10:19 | Research | Feudal Age |
| 10:27 | Build | Mining Camp |
| 11:31 | Build | House |
| 11:32 | Build | House |
| 12:05 | Create | Villager (Male) |
| 12:06 | Create | Villager (Male) |
| 12:29 | Age | Feudal Age |
| 12:40 | Build | Market |
| 12:44 | Build | Blacksmith |
| 12:50 | Create | Villager (Male) |
| 13:20 | Build | Mining Camp |
| 13:36 | Create | Villager (Male) |
| 13:54 | Build | Barracks |
| 14:07 | Build | Lumber Camp |
| 14:11 | Research | Castle Age |
| 14:11 | Research | Castle Age |
| 14:11 | Research | Castle Age |
| 14:22 | Build | House |
| 14:23 | Build | House |
| 14:41 | Build | Mill |
| 15:10 | Research | Double-Bit Axe |
| 15:13 | Research | Horse Collar |
| 15:44 | Create | Spearman |
| 15:51 | Research | Stone Mining |
| 15:59 | Research | Gold Mining |
| 16:12 | Build | Farm |
| 16:23 | Create | Villager (Male) |
| 16:23 | Create | Villager (Male) |
| 16:39 | Create | Villager (Male) |
| 16:39 | Create | Villager (Male) |
| 16:51 | Age | Castle Age |
| 17:11 | Build | Town Center |
| 17:29 | Build | Farm |
| 17:34 | Create | Villager (Male) |
| 17:54 | Build | Town Center |
| 17:59 | Create | Villager (Male) |
| 18:06 | Build | Farm |
| 18:16 | Create | Villager (Male) |
| 18:28 | Create | Villager (Male) |
| 18:28 | Create | Villager (Male) |
| 18:43 | Build | Farm |
| 18:47 | Create | Villager (Male) |
| 19:02 | Build | Farm |
| 19:08 | Build | Farm |
| 19:11 | Create | Villager (Male) |
| 19:35 | Build | Castle |
| 19:45 | Create | Villager (Male) |
| 19:48 | Create | Villager (Male) |
| 19:48 | Create | Villager (Male) |
| 19:57 | Build | Farm |
| 20:13 | Create | Villager (Male) |
| 20:23 | Create | Villager (Male) |
| 20:24 | Create | Villager (Male) |
| 20:26 | Create | Villager (Male) |
| 20:30 | Research | Wheelbarrow |
| 20:39 | Build | Farm |
| 20:48 | Build | Farm |
| 20:50 | Create | Villager (Male) |
| 20:59 | Create | Villager (Male) |
| 21:00 | Create | Villager (Male) |
| 21:05 | Build | Farm |
| 21:11 | Build | Farm |
| 21:11 | Build | Farm |
| 21:12 | Build | Farm |
| 21:12 | Build | Farm |
| 21:12 | Build | Farm |
| 21:13 | Build | Farm |
| 21:13 | Build | Farm |
| 21:29 | Build | Monastery |
| 21:39 | Create | Villager (Male) |
| 21:44 | Create | Villager (Male) |
| 21:49 | Create | Villager (Male) |
| 21:50 | Create | Villager (Male) |
| 21:56 | Build | Farm |
| 22:01 | Build | Farm |
| 22:06 | Create | Villager (Male) |
| 22:10 | Create | Villager (Male) |
| 22:18 | Build | Farm |
| 22:19 | Build | Farm |
| 22:19 | Build | Farm |
| 22:19 | Build | Farm |
| 22:20 | Build | Farm |
| 22:20 | Build | Farm |
| 22:29 | Create | Villager (Male) |
| 22:40 | Create | Villager (Male) |
| 22:40 | Create | Villager (Male) |
| 22:55 | Create | Monk |
| 23:00 | Build | Monastery |
| 23:14 | Research | Heavy Plow |
| 23:26 | Build | House |
| 23:27 | Build | House |
| 23:28 | Build | House |
| 23:29 | Build | House |
| 23:31 | Build | House |
| 23:32 | Build | House |
| 23:38 | Build | House |
| 23:44 | Create | Monk |
| 23:47 | Research | Fervor |
| 24:10 | Build | Barracks |
| 24:22 | Create | Villager (Male) |
| 24:22 | Create | Villager (Male) |
| 24:22 | Create | Villager (Male) |
| 24:26 | Create | Villager (Male) |
| 24:27 | Create | Villager (Male) |
| 24:32 | Create | Villager (Male) |
| 24:32 | Create | Villager (Male) |
| 24:35 | Create | Villager (Male) |
| 24:44 | Create | Villager (Male) |
| 24:44 | Create | Villager (Male) |
| 25:13 | Build | Mining Camp |
Build order — --Now you can see *ME*--
First 150 of 732 actions detected
| 0:04 | Create | Villager (Male) |
| 0:04 | Research | Loom |
| 0:04 | Create | Villager (Male) |
| 0:05 | Create | Villager (Male) |
| 0:05 | Create | Villager (Male) |
| 0:05 | Create | Villager (Male) |
| 0:12 | Build | House |
| 0:20 | Build | House |
| 0:20 | Build | House |
| 0:22 | Build | House |
| 1:29 | Create | Villager (Male) |
| 1:29 | Create | Villager (Male) |
| 1:51 | Build | Mill |
| 1:58 | Create | Villager (Male) |
| 1:59 | Create | Villager (Male) |
| 1:59 | Create | Villager (Male) |
| 2:40 | Create | Villager (Male) |
| 2:40 | Create | Villager (Male) |
| 3:01 | Create | Villager (Male) |
| 3:01 | Create | Villager (Male) |
| 3:01 | Create | Villager (Male) |
| 3:40 | Create | Villager (Male) |
| 3:40 | Create | Villager (Male) |
| 3:40 | Create | Villager (Male) |
| 3:50 | Create | Villager (Male) |
| 3:51 | Create | Villager (Male) |
| 4:32 | Create | Villager (Male) |
| 4:32 | Create | Villager (Male) |
| 4:51 | Create | Villager (Male) |
| 5:16 | Create | Villager (Male) |
| 6:05 | Build | Mill |
| 6:29 | Create | Villager (Male) |
| 6:29 | Create | Villager (Male) |
| 6:30 | Create | Villager (Male) |
| 7:27 | Build | Lumber Camp |
| 8:30 | Create | Villager (Male) |
| 8:46 | Research | Feudal Age |
| 9:02 | Build | House |
| 9:04 | Build | House |
| 9:05 | Build | House |
| 9:07 | Build | House |
| 9:08 | Build | House |
| 9:09 | Build | House |
| 9:10 | Build | House |
| 9:13 | Build | House |
| 9:15 | Build | House |
| 9:17 | Build | House |
| 10:20 | Create | Villager (Male) |
| 10:21 | Create | Villager (Male) |
| 10:21 | Create | Villager (Male) |
| 10:21 | Create | Villager (Male) |
| 11:05 | Age | Feudal Age |
| 11:19 | Build | Market |
| 11:24 | Build | Blacksmith |
| 11:34 | Build | Market |
| 11:53 | Research | Double-Bit Axe |
| 12:28 | Create | Villager (Male) |
| 12:28 | Create | Villager (Male) |
| 12:40 | Build | Mill |
| 13:49 | Build | Barracks |
| 13:55 | Create | Villager (Male) |
| 13:55 | Create | Villager (Male) |
| 15:21 | Create | Villager (Male) |
| 15:21 | Create | Villager (Male) |
| 15:24 | Create | Villager (Male) |
| 15:50 | Build | Mining Camp |
| 16:24 | Research | Horse Collar |
| 16:37 | Research | Gold Mining |
| 16:46 | Create | Villager (Male) |
| 17:16 | Research | Castle Age |
| 17:33 | Build | Mining Camp |
| 17:52 | Research | Wheelbarrow |
| 17:53 | Create | Villager (Male) |
| 17:53 | Create | Villager (Male) |
| 17:53 | Create | Villager (Male) |
| 18:38 | Build | Farm |
| 18:38 | Build | Farm |
| 18:39 | Build | Farm |
| 18:39 | Build | Farm |
| 18:40 | Build | Farm |
| 18:40 | Build | Farm |
| 18:41 | Build | Farm |
| 18:44 | Build | Farm |
| 19:35 | Research | Stone Mining |
| 19:56 | Age | Castle Age |
| 20:00 | Build | Monastery |
| 20:02 | Build | Monastery |
| 20:29 | Create | Monk |
| 20:29 | Create | Monk |
| 20:53 | Create | Monk |
| 20:53 | Create | Monk |
| 21:13 | Build | Town Center |
| 21:38 | Create | Monk |
| 22:05 | Create | Villager (Male) |
| 22:06 | Create | Villager (Male) |
| 22:33 | Research | Hand Cart |
| 22:48 | Create | Villager (Male) |
| 22:49 | Create | Villager (Male) |
| 22:49 | Create | Villager (Male) |
| 23:02 | Build | Castle |
| 23:23 | Create | Villager (Male) |
| 23:23 | Create | Villager (Male) |
| 23:23 | Create | Villager (Male) |
| 23:24 | Create | Villager (Male) |
| 23:41 | Build | Archery Range |
| 24:14 | Create | Longbowman |
| 24:14 | Create | Longbowman |
| 24:14 | Create | Longbowman |
| 24:15 | Create | Longbowman |
| 24:15 | Create | Longbowman |
| 24:15 | Create | Longbowman |
| 24:15 | Create | Longbowman |
| 25:24 | Create | Villager (Male) |
| 25:24 | Create | Villager (Male) |
| 25:24 | Create | Villager (Male) |
| 25:29 | Build | Town Center |
| 25:33 | Build | University |
| 26:13 | Research | Elite Skirmisher (upgrade) |
| 26:20 | Build | Mining Camp |
| 26:22 | Build | Archery Range |
| 26:27 | Build | Archery Range |
| 26:34 | Create | Skirmisher |
| 26:34 | Create | Skirmisher |
| 26:38 | Create | Villager (Male) |
| 26:38 | Create | Villager (Male) |
| 26:39 | Create | Villager (Male) |
| 26:41 | Create | Villager (Male) |
| 26:41 | Create | Villager (Male) |
| 26:41 | Create | Villager (Male) |
| 26:50 | Research | Fortified Wall (upgrade) |
| 26:55 | Create | Villager (Male) |
| 26:58 | Create | Villager (Male) |
| 27:02 | Create | Longbowman |
| 27:02 | Create | Longbowman |
| 27:06 | Create | Skirmisher |
| 27:06 | Create | Skirmisher |
| 27:07 | Create | Skirmisher |
| 27:23 | Create | Villager (Male) |
| 27:23 | Create | Villager (Male) |
| 27:23 | Create | Villager (Male) |
| 27:24 | Create | Villager (Male) |
| 27:36 | Create | Skirmisher |
| 27:36 | Create | Skirmisher |
| 27:37 | Create | Skirmisher |
| 27:37 | Create | Skirmisher |
| 27:41 | Create | Longbowman |
| 27:41 | Create | Longbowman |
| 27:41 | Create | Longbowman |
| 28:14 | Create | Skirmisher |
| 28:14 | Create | Skirmisher |
Match timeline
| 10:27 | Maru · age_up feudal |
| 10:43 | vilcoben · age_up feudal |
| 11:05 | --Now you can see *ME*-- · age_up feudal |
| 11:23 | Maybe NexTime · age_up feudal |
| 11:32 | tiffizzle_x · first_building Barracks |
| 11:48 | Amir · age_up feudal |
| 12:23 | vilcoben · first_building Barracks |
| 12:29 | MK · age_up feudal |
| 12:34 | Maybe NexTime · first_building Barracks |
| 12:42 | Maru · first_market_sell 100 stone |
| 13:49 | --Now you can see *ME*-- · first_building Barracks |
| 13:53 | vilcoben · first_building Archery Range |
| 13:54 | MK · first_building Barracks |
| 14:14 | Doctor · age_up feudal |
| 14:21 | tiffizzle_x · age_up feudal |
| 14:54 | Maybe NexTime · age_up castle |
| 15:20 | tiffizzle_x · first_building Archery Range |
| 15:30 | Maru · age_up castle |
| 15:51 | tiffizzle_x · first_market_buy 100 food |
| 16:20 | Amir · age_up castle |
| 16:51 | MK · age_up castle |
| 16:53 | vilcoben · first_market_buy 100 food |
| 17:19 | Maru · first_building Castle |
| 18:41 | tiffizzle_x · age_up castle |
| 18:54 | Maybe NexTime · first_building Siege Workshop |
| 19:11 | Amir · first_building Barracks |
| 19:22 | MK · first_market_buy 100 stone |
| 19:30 | Maru · first_market_buy 100 food |
| 19:33 | Amir · first_building Siege Workshop |
| 19:35 | MK · first_building Castle |
| 19:40 | tiffizzle_x · first_building Castle |
| 19:50 | vilcoben · age_up castle |
| 19:56 | --Now you can see *ME*-- · age_up castle |
| 20:00 | --Now you can see *ME*-- · first_building Monastery |
| 20:35 | Doctor · first_building Barracks |
| 20:56 | tiffizzle_x · first_market_sell 100 wood |
| 21:21 | Doctor · age_up castle |
| 21:29 | MK · first_building Monastery |
| 21:40 | Doctor · first_building Castle |
| 21:42 | Maru · first_building Siege Workshop |
| 21:48 | Doctor · first_building Archery Range |
| 22:01 | vilcoben · first_building Castle |
| 22:42 | Amir · first_building Archery Range |
| 23:02 | --Now you can see *ME*-- · first_building Castle |
| 23:41 | --Now you can see *ME*-- · first_building Archery Range |
| 24:34 | vilcoben · first_building Siege Workshop |
| 25:06 | Maybe NexTime · first_building Archery Range |
| 29:21 | Amir · first_market_buy 100 wood |
| 29:47 | --Now you can see *ME*-- · first_market_buy 100 wood |
| 29:48 | MK · age_up imperial |
| 31:23 | Amir · wall_segment Stone Wall x3 |
| 31:33 | Maybe NexTime · first_building Stable |
| 33:32 | Doctor · age_up imperial |
| 34:04 | Maybe NexTime · age_up imperial |
| 34:11 | Maru · age_up imperial |
| 35:44 | vilcoben · age_up imperial |
| 36:32 | vilcoben · first_market_sell 500 wood |
| 39:09 | --Now you can see *ME*-- · age_up imperial |
| 41:22 | Maybe NexTime · first_market_sell 100 wood |
| 41:58 | Doctor · tribute_sent a jugador 1 |
| 41:58 | Doctor · tribute_sent a jugador 2 |
| 41:58 | Doctor · tribute_sent a jugador 3 |
| 41:58 | Doctor · tribute_sent a jugador 5 |
| 41:58 | Doctor · tribute_sent a jugador 6 |
| 41:58 | Doctor · tribute_sent a jugador 7 |
| 41:58 | Doctor · tribute_sent a jugador 8 |
| 42:08 | Amir · first_building Castle |
| 42:10 | Maybe NexTime · first_building Castle |
| 42:37 | tiffizzle_x · first_building Monastery |
| 45:20 | tiffizzle_x · age_up imperial |
| 46:29 | Maybe NexTime · tribute_sent a jugador 1 |
| 46:29 | Maybe NexTime · tribute_sent a jugador 3 |
| 46:29 | Maybe NexTime · tribute_sent a jugador 4 |
| 46:29 | Maybe NexTime · tribute_sent a jugador 5 |
| 46:29 | Maybe NexTime · tribute_sent a jugador 6 |
| 46:29 | Maybe NexTime · tribute_sent a jugador 7 |
| 46:29 | Maybe NexTime · tribute_sent a jugador 8 |
| 47:59 | --Now you can see *ME*-- · tribute_sent a jugador 1 |
| 47:59 | --Now you can see *ME*-- · tribute_sent a jugador 2 |
| 47:59 | --Now you can see *ME*-- · tribute_sent a jugador 3 |
| 47:59 | --Now you can see *ME*-- · tribute_sent a jugador 4 |
| 47:59 | --Now you can see *ME*-- · tribute_sent a jugador 5 |
| 47:59 | --Now you can see *ME*-- · tribute_sent a jugador 6 |
| 47:59 | --Now you can see *ME*-- · tribute_sent a jugador 7 |
| 49:52 | Doctor · resign |
| 51:52 | Amir · first_market_sell 100 stone |
| 52:50 | Maru · first_building Barracks |
[ AI ANALYSIS · 1 CREDIT ]
What really happened in this match?
Wolo.gg analyzes every decision: build order, eco, micro, common mistakes by bracket. Personalized analysis on WhatsApp or Discord in 30 seconds.
Civ guide
Britons
Map guide
Arena
Perfil
Jugador #21733513